 Dungeon Crawl Stone Soup version 0.21-a0-352-g5b8f553 (webtiles) character file.

13154 tidbits the Thaumaturge (level 12, 89/89 HPs)
             Began as a Gnoll Wanderer on Oct 10, 2017.
             Was an Elder of Cheibriados.
             Quit the game on level 12 of the Dungeon.
             The game lasted 00:52:13 (4870 turns).

tidbits the Thaumaturge (Gnoll Wanderer)            Turns: 4870, Time: 00:52:14

Health: 89/89      AC: 20    Str: 22    XL:     12   Next: 3%
Magic:  33/33      EV: 18    Int: 28    God:    Cheibriados [****..]
Gold:   327        SH: 13    Dex: 31    Spells: 16/28 levels left

rFire    . . .     SeeInvis .   a - +1 war axe (elec)
rCold    . . .     Gourm    .   D - +0 shield
rNeg     . . .     Faith    .   B - +0 troll leather armour {Purgy}
rPois    .         Spirit   .   E - +2 helmet
rElec    .         Reflect  .   C - +2 cloak
rCorr    .         Harm     .   (no gloves)
MR       +....                  (no boots)
Stlth    +++++.....             R - amulet of regeneration
HPRegen  1.04/turn              k - ring of protection from magic
MPRegen  0.23/turn              e - ring "Otwias" {+Fly MP+9}

@: icy armour, very slow
A: distributed training, fangs 1, thin skeletal structure 1, blink, strong nose
a: Blink, Bend Time, Temporal Distortion, Slouch, Renounce Religion, Evoke
Flight


You were on level 12 of the Dungeon.
You worshipped Cheibriados.
Cheibriados was greatly pleased with you.
You were hungry.

You visited 1 branch of the dungeon, and saw 13 of its levels.
You also visited: Sewer.

You collected 627 gold pieces.
You spent 300 gold pieces at shops.

Inventory:

Hand Weapons
 a - a +1 war axe of electrocution (weapon)
   (You found it on level 8 of the Dungeon)
 w - a +0 blowgun
 y - a +1 long sword of holy wrath
   (You found it on level 3 of the Dungeon)
 F - a +1 dagger of venom
   (You took it off a goblin on level 3 of the Dungeon)
 P - a +1 flail of crushing
   (You took it off Edmund on level 5 of the Dungeon)
Missiles
 s - 273 arrows
 N - 6 tomahawks (quivered)
 Z - 3 curare-tipped needles
Armour
 B - a +0 troll leather armour (worn) {Purgy}
 C - a +2 cloak (worn)
 D - a +0 shield (worn)
 E - a +2 helmet (worn)
Jewellery
 e - the ring "Otwias" (right hand) {+Fly MP+9}
   (You found it on level 8 of the Dungeon)

   [ring of magical power]

   It affects your magic capacity (+9).
   It lets you fly.
 k - a ring of protection from magic (left hand)
   (You found it on level 12 of the Dungeon)
 v - an uncursed amulet of magic regeneration {unknown}
   (You found it on level 3 of the Dungeon)
 L - an uncursed ring of wizardry
   (You found it on level 1 of the Dungeon)
 R - an amulet of regeneration (around neck)
   (You found it on level 2 of the Dungeon)
 W - an uncursed ring of wizardry
   (You found it on level 5 of the Dungeon)
 X - a +2 ring of strength {unknown}
   (You found it on level 12 of the Dungeon)
Wands
 g - a wand of confusion (18/48)
 l - a wand of disintegration (0/24)
 G - a wand of disintegration (9/24)
 J - a wand of polymorph (16/24)
 K - a wand of scattershot (3/9)
 U - a wand of scattershot (5/9)
Scrolls
 i - 4 scrolls of fog
 m - a scroll of enchant armour
 n - a scroll of immolation {unknown}
 q - 5 scrolls of teleportation
 r - 3 scrolls of remove curse
 x - 2 scrolls of fear {unknown}
 M - a scroll of blinking
 Q - 2 scrolls of enchant weapon
 T - 2 scrolls of vulnerability {unknown}
 Y - a scroll of silence {unknown}
Potions
 d - 3 potions of mutation {!q}
 h - 4 potions of might
 o - a potion of ambrosia
 p - 5 potions of curing
 t - a potion of invisibility {unknown}
 z - 4 potions of flight
 A - a potion of brilliance {unknown}
 I - 2 potions of heal wounds
 S - 2 potions of magic
Books
 b - a book of Frost

   Spells                             Type                      Level
   a - Freeze                         Ice                          1
   b - Throw Frost                    Conjuration/Ice              2
   c - Ozocubu's Armour               Charms/Ice                   3
   d - Throw Icicle                   Conjuration/Ice              4
   e - Summon Ice Beast               Ice/Summoning                4
 c - Xahu Qad's Volume of the Voyage

   Spells                             Type                      Level
   a - Apportation                    Translocation                1
   b - Recall                         Summoning/Translocation      3
 j - a book of Cantrips
   (You found it on level 2 of the Dungeon)

   Spells                             Type                      Level
   a - Confusing Touch                Hexes                        1
   b - Animate Skeleton               Necromancy                   1
   c - Summon Small Mammal            Summoning                    1
   d - Apportation                    Translocation                1
 u - Xuheclif's Volume of Icy Protection
   (You found it on level 8 of the Dungeon)

   Spells                             Type                      Level
   a - Infusion                       Charms                       1
   b - Freeze                         Ice                          1
   c - Excruciating Wounds            Charms/Necromancy            5
   d - Deflect Missiles               Charms/Air                   6
   e - Ring of Flames                 Charms/Fire                  7
 H - a book of Air
   (You found it on level 4 of the Dungeon)

   Spells                             Type                      Level
   a - Shock                          Conjuration/Air              1
   b - Swiftness                      Charms/Air                   2
   c - Static Discharge               Conjuration/Air              3
   d - Airstrike                      Air                          4
   e - Lightning Bolt                 Conjuration/Air              5
 V - a book of Power
   (You found it on level 11 of the Dungeon)

   Spells                             Type                      Level
   a - Iskenderun's Battlesphere      Conjuration/Charms           5
   b - Venom Bolt                     Conjuration/Poison           5
   c - Bolt of Magma                  Conjuration/Fire/Earth       5
   d - Iron Shot                      Conjuration/Earth            6
   e - Orb of Destruction             Conjuration                  7
   f - Spellforged Servitor           Conjuration/Summoning        7
Comestibles
 f - 5 bread rations
 O - 4 meat rations


   Skills:
 + Level 6.7 Fighting
 + Level 6.7 Short Blades
 + Level 6.7 Long Blades
 + Level 6.7 Axes
 + Level 6.7 Maces & Flails
 + Level 6.7 Polearms
 + Level 6.7 Staves
 + Level 6.7 Slings
 + Level 6.7 Bows
 + Level 6.7 Crossbows
 + Level 7.3 Throwing
 + Level 6.7 Armour
 + Level 6.7 Dodging
 + Level 6.7 Stealth
 + Level 7.3 Shields
 + Level 6.7 Unarmed Combat
 + Level 8.5 Spellcasting
 + Level 6.7 Conjurations
 + Level 6.7 Hexes
 + Level 6.7 Charms
 + Level 6.7 Summonings
 + Level 8.2 Necromancy
 + Level 8.2 Translocations
 + Level 6.7 Transmutations
 + Level 6.7 Fire Magic
 + Level 8.2 Ice Magic
 + Level 6.7 Air Magic
 + Level 6.7 Earth Magic
 + Level 6.7 Poison Magic
 + Level 6.7 Invocations
 + Level 6.7 Evocations


You had 16 spell levels left.
You knew the following spells:

 Your Spells              Type           Power        Failure   Level  Hunger
a - Apportation           Tloc           ######       1%          1    None
f - Freeze                Ice            ####         1%          1    None
i - Throw Icicle          Conj/Ice       ######..     6%          4    #......
n - Animate Skeleton      Necr           N/A          1%          1    None
o - Ozocubu's Armour      Chrm/Ice       ######..     1%          3    None
t - Throw Frost           Conj/Ice       ######       1%          2    None


Dungeon Overview and Level Annotations

Branches:
Dungeon (13/15)            Temple (0/1) D:4            Lair (0/6) D:8
    Orc: D:9-12      Vaults: D:13-14

Altars:
Ashenzari
Cheibriados
Elyvilon
Fedhas
Hepliaklqana
Nemelex Xobeh
Qazlal
Trog
Uskayaw
Vehumet

Shops:
D:11 (   D:12 !

Annotations:
D:2 Sigmund
D:11 2 transporters


Innate Abilities, Weirdness & Mutations

Your experience applies equally to all skills.
You have very sharp teeth.
Your uncanny sense of smell can sniff out nearby items.
You have a somewhat thin skeletal structure. (Dex +2, Stealth)
You can translocate small distances at will.


Message History

The killer bee misses you. You block the killer bee's attack.
You miss the killer bee.
You bite the killer bee, but do no damage.
The killer bee is almost dead.
The killer bee stings you but does no damage.
The killer bee closely misses you. The killer bee stings you.
You hit the killer bee.
You kill the killer bee!
Cheibriados thoroughly appreciates the change of pace.
You feel sick.
No target in view!
You feel sick.
You feel sick.
You feel sick.
You open the door.
You hear the loud crackling of a very distant melting archway.
You feel sick.
There is an open door here.
Your icy armour starts to melt.
You feel sick.
You open the door.
There is an open door here.
Your icy armour evaporates.
Found a stone staircase leading down.
You feel sick.
You open the door. 3 orcs and an orc warrior come into view.
The orc shouts! x2; The orc warrior shouts!
You feel sick.
You are no longer poisoned.
There is an open door here.
You block the orc warrior's attack. The orc misses you.
Evoke which item? (* to show all) (? for menu, Esc to quit)
Aiming: Disintegrate
Press: ? - help, Shift-Dir - straight line, f - orc warrior
Aim: an orc warrior, wielding a short sword and wearing a chain mail (chance to defeat MR: 86%)
The orc warrior is blasted.
The orc shouts!
This wand has 0 charges left.
The orc warrior hits you with a short sword!
You block the orc's attack.
You closely miss the orc warrior. Your bite misses the orc warrior.
The orc warrior is moderately wounded.
The orc warrior barely misses you. You block the orc's attack.
Casting: Ozocubu's Armour
Confirm with . or Enter, or press ? or * to list all spells.
A film of ice covers your body! You block the orc's attack.
You slash the orc!
You kill the orc!
Cheibriados appreciates the change of pace.
You hit the orc warrior but do no damage.
You block the orc warrior's attack. The orc closely misses you.
You block the orc warrior's attack. You block the orc's attack.
Your shield prevents you from hitting the orc.
You bite the orc.
The orc is severely wounded.
You closely miss the orc warrior.
You hear the loud crackling of a very distant melting archway.
You block the orc's attack. You block the orc warrior's attack.
You block the orc's attack.
You hit the orc warrior.
The orc warrior is heavily wounded.
You closely miss the orc. You block the orc's attack.
The orc warrior hits you but does no damage.
You block the orc's attack.
You closely miss the orc warrior.
You bite the orc warrior, but do no damage.
The orc warrior is moderately wounded.
You closely miss the orc.
The orc warrior hits you with a short sword.
You block the orc's attack. x2
You slash the orc warrior!
Lightning courses through the orc warrior!
You kill the orc warrior!
Cheibriados appreciates the change of pace.
You closely miss the orc. The orc misses you. You block the orc's attack.
The orc closely misses you. You block the orc's attack.
The orc barely misses you.
Things that are here:
a short sword; a chain mail; an orc corpse You slash the orc!
Lightning courses through the orc!
You kill the orc!
Cheibriados thoroughly appreciates the change of pace.
The orc completely misses you. You block the orc's attack.
The orc barely misses you.
There is an open door, spattered with blood here.
Things that are here:
a flail; a whip You slash the orc!
You kill the orc!
Cheibriados appreciates the change of pace.
You see here a trident.
There is an open door, spattered with blood here.
Things that are here:
a flail; a whip
Okay, then.
You hear the loud crackling of a distant melting archway.
The crackling of melting ice is subsiding rapidly.
Okay, then.
Are you sure you want to abandon this character and quit the game? (Confirm with "yes".)

....##.....# ........#......†....
....#......##+########...........
./.##............................
...#.............................
..##.................#######.####
..#........#####.....# #.#
.##........# #.....# #.#
.#.........# #.....# #.#
.#.........# #@....# #.#
...........#####.....# #.#
.....................# #.####
.....[...............# #....[
...........................+..#..
..........≈..≈≈..≈.≈≈..≈≈.≈≈≈..≈(
..........≈≈≈≈≈≈≈≈≈≈≈≈≈≈≈≈≈≈≈≈≈≈≈
.#########≈≈♣♣♣≈.≈♣♣♣≈≈≈♣♣♣≈≈≈♣♣♣
.#........≈≈♣ ♣≈.≈♣ ♣≈.≈♣ ♣≈.≈♣ ♣


There were no monsters in sight!

Vanquished Creatures
  A centaur warrior (D:11)
  3 two-headed ogres
  2 cyclopes
  A manticore (D:9)
  A komodo dragon (D:12)
  A troll (D:11)
  A tengu conjurer (D:12)
  Grinder (D:3)
  3 slime creatures (D:12)
  2 hippogriffs
  A vampire (D:12)
  A water elemental (D:12)
  2 wyverns
  2 basilisks
  9 yaks
  A hungry ghost (D:12)
  Edmund (D:5)
  2 soldier ants (D:12)
  A water moccasin (D:9)
  6 sky beasts
  2 ice beasts
  3 orc warriors
  Purgy (Sewer)
  2 phantoms (D:9)
  4 ogres
  5 centaurs
  4 bullfrogs
  A scorpion (D:11)
  19 killer bees
  A centaur zombie (D:5)
  2 electric eels (D:9)
  2 howler monkeys
  3 crimson imps
  A bullfrog zombie (D:11)
  A hound (D:11)
  2 centaur skeletons
  5 jellies
  An orc priest (D:4)
  3 iguanas
  7 orc wizards
  7 worker ants
  A killer bee zombie (D:6)
  A hound skeleton (D:5)
  A worker ant zombie (D:7)
  A howler monkey skeleton (D:5)
  14 adders
  7 oozes
  3 dart slugs
  8 leopard geckos
  22 orcs
  A ball python (Sewer)
  2 giant cockroaches
  6 goblins
  4 hobgoblins (D:2)
  8 jackals
  3 quokkas
  6 bats
  7 frilled lizards
  11 kobolds
  3 rats
  4 fungi (D:9)
231 creatures vanquished.

Vanquished Creatures (collateral kills)
  A hungry ghost (D:8)
  An acid dragon (D:11)
  An ogre (D:9)
  A big kobold (D:11)
  A crimson imp (D:8)
  2 iguanas
  An adder (D:3)
  2 orcs (D:5)
  A kobold (D:11)
  A leopard gecko skeleton (D:5)
12 creatures vanquished.

Grand Total: 243 creatures vanquished

Notes
Turn   | Place    | Note
-------+----------+-------------------------------------------
     0 | D:1      | tidbits the Gnoll Wanderer began the quest for the Orb.
     0 | D:1      | tidbits set off with: a book of Frost, a potion of lignification, Xahu Qad's Volume of the Voyage, a +0 robe, a +0 dagger, a bread ration
     0 | D:1      | Reached XP level 1. HP: 13/13 MP: 6/6
     0 | D:1      | Identified Xahu Qad's Volume of the Voyage
     2 | D:1      | Learned a level 1 spell: Apportation
     4 | D:1      | Learned a level 1 spell: Freeze
   169 | D:1      | Reached XP level 2. HP: 19/19 MP: 1/7
   219 | D:2      | Learned a level 1 spell: Summon Small Mammal
   222 | D:2      | Learned a level 2 spell: Throw Frost
   371 | D:2      | Noticed Sigmund
   583 | D:2      | Reached XP level 3. HP: 25/25 MP: 1/9
   601 | D:2      | Learned a level 3 spell: Ozocubu's Armour
   602 | D:2      | Found a radiant altar of Vehumet.
   611 | D:2      | Reached skill level 5 in Spellcasting
   663 | D:2      | Learned a level 1 spell: Animate Skeleton
   681 | D:3      | Noticed Grinder
   690 | D:3      | Killed Grinder
   690 | D:3      | Reached skill level 1 in Fighting
   690 | D:3      | Reached skill level 1 in Short Blades
   690 | D:3      | Reached skill level 1 in Long Blades
   690 | D:3      | Reached skill level 1 in Axes
   690 | D:3      | Reached skill level 1 in Maces & Flails
   690 | D:3      | Reached skill level 1 in Polearms
   690 | D:3      | Reached skill level 1 in Staves
   690 | D:3      | Reached skill level 1 in Slings
   690 | D:3      | Reached skill level 1 in Bows
   690 | D:3      | Reached skill level 1 in Crossbows
   690 | D:3      | Reached skill level 3 in Throwing
   690 | D:3      | Reached skill level 1 in Armour
   690 | D:3      | Reached skill level 1 in Dodging
   690 | D:3      | Reached skill level 1 in Stealth
   690 | D:3      | Reached skill level 3 in Shields
   690 | D:3      | Reached skill level 1 in Unarmed Combat
   690 | D:3      | Reached skill level 1 in Conjurations
   690 | D:3      | Reached skill level 1 in Hexes
   690 | D:3      | Reached skill level 1 in Charms
   690 | D:3      | Reached skill level 1 in Summonings
   690 | D:3      | Reached skill level 1 in Transmutations
   690 | D:3      | Reached skill level 1 in Fire Magic
   690 | D:3      | Reached skill level 1 in Air Magic
   690 | D:3      | Reached skill level 1 in Earth Magic
   690 | D:3      | Reached skill level 1 in Poison Magic
   690 | D:3      | Reached skill level 1 in Invocations
   690 | D:3      | Reached skill level 1 in Evocations
   690 | D:3      | Reached XP level 4. HP: 33/33 MP: 1/11
   690 | D:3      | Reached XP level 5. HP: 38/38 MP: 1/12
   690 | D:3      | Reached XP level 6. HP: 44/44 MP: 1/13
   869 | D:3      | Found a glowing drain.
   873 | Sewer    | Entered a sewer
   921 | Sewer    | Noticed Purgy
   933 | Sewer    | Killed Purgy
   933 | Sewer    | Reached skill level 2 in Fighting
   933 | Sewer    | Reached skill level 2 in Short Blades
   933 | Sewer    | Reached skill level 2 in Long Blades
   933 | Sewer    | Reached skill level 2 in Axes
   933 | Sewer    | Reached skill level 2 in Maces & Flails
   933 | Sewer    | Reached skill level 2 in Polearms
   933 | Sewer    | Reached skill level 2 in Staves
   933 | Sewer    | Reached skill level 2 in Slings
   933 | Sewer    | Reached skill level 2 in Bows
   933 | Sewer    | Reached skill level 2 in Crossbows
   933 | Sewer    | Reached skill level 2 in Armour
   933 | Sewer    | Reached skill level 2 in Dodging
   933 | Sewer    | Reached skill level 2 in Stealth
   933 | Sewer    | Reached skill level 2 in Unarmed Combat
   933 | Sewer    | Reached skill level 2 in Conjurations
   933 | Sewer    | Reached skill level 2 in Hexes
   933 | Sewer    | Reached skill level 2 in Charms
   933 | Sewer    | Reached skill level 2 in Summonings
   933 | Sewer    | Reached skill level 5 in Necromancy
   933 | Sewer    | Reached skill level 5 in Translocations
   933 | Sewer    | Reached skill level 2 in Transmutations
   933 | Sewer    | Reached skill level 2 in Fire Magic
   933 | Sewer    | Reached skill level 5 in Ice Magic
   933 | Sewer    | Reached skill level 2 in Air Magic
   933 | Sewer    | Reached skill level 2 in Earth Magic
   933 | Sewer    | Reached skill level 2 in Poison Magic
   933 | Sewer    | Reached skill level 2 in Invocations
   933 | Sewer    | Reached skill level 2 in Evocations
   983 | D:3      | Found a bloodstained altar of Trog.
  1153 | D:5      | Entered Level 5 of the Dungeon
  1165 | D:6      | Reached XP level 7. HP: 50/50 MP: 9/15
  1232 | D:6      | Found a white marble altar of Elyvilon.
  1255 | D:5      | Found a blossoming altar of Fedhas.
  1446 | D:5      | Gained mutation: You have a somewhat thin skeletal structure. (Dex +2, Stealth) [potion of mutation]
  1446 | D:5      | Gained mutation: You can translocate small distances at will. [potion of mutation]
  1456 | D:5      | Noticed Edmund
  1477 | D:5      | Killed Edmund
  1477 | D:5      | Reached XP level 8. HP: 45/57 MP: 6/16
  1500 | D:5      | Reached skill level 4 in Throwing
  1500 | D:5      | Reached skill level 4 in Shields
  1526 | D:5      | Reached skill level 3 in Fighting
  1526 | D:5      | Reached skill level 3 in Short Blades
  1526 | D:5      | Reached skill level 3 in Long Blades
  1526 | D:5      | Reached skill level 3 in Axes
  1526 | D:5      | Reached skill level 3 in Maces & Flails
  1526 | D:5      | Reached skill level 3 in Polearms
  1526 | D:5      | Reached skill level 3 in Staves
  1526 | D:5      | Reached skill level 3 in Slings
  1526 | D:5      | Reached skill level 3 in Bows
  1526 | D:5      | Reached skill level 3 in Crossbows
  1526 | D:5      | Reached skill level 3 in Armour
  1526 | D:5      | Reached skill level 3 in Dodging
  1526 | D:5      | Reached skill level 3 in Stealth
  1526 | D:5      | Reached skill level 3 in Unarmed Combat
  1526 | D:5      | Reached skill level 3 in Conjurations
  1526 | D:5      | Reached skill level 3 in Hexes
  1526 | D:5      | Reached skill level 3 in Charms
  1526 | D:5      | Reached skill level 3 in Summonings
  1526 | D:5      | Reached skill level 3 in Transmutations
  1526 | D:5      | Reached skill level 3 in Fire Magic
  1526 | D:5      | Reached skill level 3 in Air Magic
  1526 | D:5      | Reached skill level 3 in Earth Magic
  1526 | D:5      | Reached skill level 3 in Poison Magic
  1526 | D:5      | Reached skill level 3 in Invocations
  1526 | D:5      | Reached skill level 3 in Evocations
  1568 | D:5      | Found a sparkling altar of Nemelex Xobeh.
  1712 | D:6      | Reached skill level 6 in Spellcasting
  2056 | D:6      | Reached skill level 6 in Necromancy
  2056 | D:6      | Reached skill level 6 in Translocations
  2056 | D:6      | Reached skill level 6 in Ice Magic
  2056 | D:6      | Reached XP level 9. HP: 40/65 MP: 11/18
  2300 | D:6      | Noticed a hand axe
  2301 | D:6      | Noticed a hand axe
  2304 | D:6      | Found a hide-covered altar of Uskayaw.
  2316 | D:6      | Reached skill level 4 in Fighting
  2316 | D:6      | Reached skill level 4 in Short Blades
  2316 | D:6      | Reached skill level 4 in Long Blades
  2316 | D:6      | Reached skill level 4 in Axes
  2316 | D:6      | Reached skill level 4 in Maces & Flails
  2316 | D:6      | Reached skill level 4 in Polearms
  2316 | D:6      | Reached skill level 4 in Staves
  2316 | D:6      | Reached skill level 4 in Slings
  2316 | D:6      | Reached skill level 4 in Bows
  2316 | D:6      | Reached skill level 4 in Crossbows
  2316 | D:6      | Reached skill level 4 in Armour
  2316 | D:6      | Reached skill level 4 in Dodging
  2316 | D:6      | Reached skill level 4 in Stealth
  2316 | D:6      | Reached skill level 4 in Unarmed Combat
  2316 | D:6      | Reached skill level 4 in Conjurations
  2316 | D:6      | Reached skill level 4 in Hexes
  2316 | D:6      | Reached skill level 4 in Charms
  2316 | D:6      | Reached skill level 4 in Summonings
  2316 | D:6      | Reached skill level 4 in Transmutations
  2316 | D:6      | Reached skill level 4 in Fire Magic
  2316 | D:6      | Reached skill level 4 in Air Magic
  2316 | D:6      | Reached skill level 4 in Earth Magic
  2316 | D:6      | Reached skill level 4 in Poison Magic
  2316 | D:6      | Reached skill level 4 in Invocations
  2316 | D:6      | Reached skill level 4 in Evocations
  2398 | D:6      | Found a blossoming altar of Fedhas.
  2701 | D:4      | Found a snail-covered altar of Cheibriados.
  2709 | D:4      | Became a worshipper of Cheibriados the Contemplative
  2726 | D:4      | Found a staircase to the Ecumenical Temple.
  2733 | D:4      | Reached skill level 5 in Throwing
  2733 | D:4      | Reached skill level 5 in Shields
  2876 | D:8      | Found a shattered altar of Ashenzari.
  2915 | D:8      | Noticed a two-headed ogre
  3003 | D:8      | Found a stormy altar of Qazlal.
  3043 | D:8      | Killed a two-headed ogre
  3043 | D:8      | Reached XP level 10. HP: 16/73 MP: 5/20
  3065 | D:8      | Noticed a two-headed ogre
  3073 | D:8      | Killed a two-headed ogre
  3073 | D:8      | Reached skill level 5 in Fighting
  3073 | D:8      | Reached skill level 5 in Short Blades
  3073 | D:8      | Reached skill level 5 in Long Blades
  3073 | D:8      | Reached skill level 5 in Axes
  3073 | D:8      | Reached skill level 5 in Maces & Flails
  3073 | D:8      | Reached skill level 5 in Polearms
  3073 | D:8      | Reached skill level 5 in Staves
  3073 | D:8      | Reached skill level 5 in Slings
  3073 | D:8      | Reached skill level 5 in Bows
  3073 | D:8      | Reached skill level 5 in Crossbows
  3073 | D:8      | Reached skill level 5 in Armour
  3073 | D:8      | Reached skill level 5 in Dodging
  3073 | D:8      | Reached skill level 5 in Stealth
  3073 | D:8      | Reached skill level 5 in Unarmed Combat
  3073 | D:8      | Reached skill level 7 in Spellcasting
  3073 | D:8      | Reached skill level 5 in Conjurations
  3073 | D:8      | Reached skill level 5 in Hexes
  3073 | D:8      | Reached skill level 5 in Charms
  3073 | D:8      | Reached skill level 5 in Summonings
  3073 | D:8      | Reached skill level 5 in Transmutations
  3073 | D:8      | Reached skill level 5 in Fire Magic
  3073 | D:8      | Reached skill level 5 in Air Magic
  3073 | D:8      | Reached skill level 5 in Earth Magic
  3073 | D:8      | Reached skill level 5 in Poison Magic
  3073 | D:8      | Reached skill level 5 in Invocations
  3073 | D:8      | Reached skill level 5 in Evocations
  3094 | D:8      | Got a transparent jade ring
  3096 | D:8      | Identified the ring "Otwias" {+Fly MP+9} (You found it on level 8 of the Dungeon)
  3176 | D:8      | Found a staircase to the Lair.
  3183 | D:8      | Reached * piety under Cheibriados
  3365 | D:8      | Reached skill level 7 in Necromancy
  3365 | D:8      | Reached skill level 7 in Translocations
  3365 | D:8      | Reached skill level 7 in Ice Magic
  3372 | D:8      | Identified Xuheclif's Volume of Icy Protection
  3379 | D:8      | Learned a level 4 spell: Throw Icicle
  3727 | D:9      | Reached skill level 6 in Throwing
  3727 | D:9      | Reached skill level 6 in Shields
  3748 | D:9      | Found a hazy altar of Hepliaklqana.
  3760 | D:9      | Noticed a manticore
  3768 | D:9      | Killed a manticore
  3845 | D:10     | Entered Level 10 of the Dungeon
  3915 | D:10     | Reached ** piety under Cheibriados
  4010 | D:11     | Reached XP level 11. HP: 81/81 MP: 22/22
  4045 | D:11     | Noticed a centaur warrior
  4055 | D:11     | Killed a centaur warrior
  4059 | D:11     | HP: 8/81 [something (6)]
  4081 | D:11     | Reached skill level 6 in Fighting
  4081 | D:11     | Reached skill level 6 in Short Blades
  4081 | D:11     | Reached skill level 6 in Long Blades
  4081 | D:11     | Reached skill level 6 in Axes
  4081 | D:11     | Reached skill level 6 in Maces & Flails
  4081 | D:11     | Reached skill level 6 in Polearms
  4081 | D:11     | Reached skill level 6 in Staves
  4081 | D:11     | Reached skill level 6 in Slings
  4081 | D:11     | Reached skill level 6 in Bows
  4081 | D:11     | Reached skill level 6 in Crossbows
  4081 | D:11     | Reached skill level 6 in Armour
  4081 | D:11     | Reached skill level 6 in Dodging
  4081 | D:11     | Reached skill level 6 in Stealth
  4081 | D:11     | Reached skill level 6 in Unarmed Combat
  4081 | D:11     | Reached skill level 6 in Conjurations
  4081 | D:11     | Reached skill level 6 in Hexes
  4081 | D:11     | Reached skill level 6 in Charms
  4081 | D:11     | Reached skill level 6 in Summonings
  4081 | D:11     | Reached skill level 6 in Transmutations
  4081 | D:11     | Reached skill level 6 in Fire Magic
  4081 | D:11     | Reached skill level 6 in Air Magic
  4081 | D:11     | Reached skill level 6 in Earth Magic
  4081 | D:11     | Reached skill level 6 in Poison Magic
  4081 | D:11     | Reached skill level 6 in Invocations
  4081 | D:11     | Reached skill level 6 in Evocations
  4151 | D:11     | Reached *** piety under Cheibriados
  4161 | D:11     | Noticed an orc sorcerer
  4164 | D:11     | Found a transporter.
  4170 | D:11     | Found a transporter.
  4217 | D:11     | Found Ythastris's Antique Weapon Shoppe.
  4406 | D:12     | Reached skill level 8 in Spellcasting
  4445 | D:12     | Noticed a two-headed ogre
  4448 | D:12     | Noticed a cyclops
  4448 | D:12     | Noticed a two-headed ogre
  4449 | D:12     | Noticed a cyclops
  4450 | D:12     | Noticed a manticore
  4451 | D:12     | Killed a two-headed ogre
  4454 | D:12     | Noticed a manticore
  4473 | D:12     | Found Derrae's Distillery.
  4479 | D:12     | Bought a potion of magic for 120 gold pieces
  4479 | D:12     | Bought a potion of heal wounds for 75 gold pieces
  4479 | D:12     | Bought a potion of curing for 45 gold pieces
  4479 | D:12     | Bought a potion of might for 60 gold pieces
  4491 | D:13     | Noticed a cyclops
  4506 | D:13     | Killed a cyclops
  4624 | D:12     | Killed a cyclops
  4624 | D:12     | Reached skill level 7 in Throwing
  4624 | D:12     | Reached skill level 7 in Shields
  4624 | D:12     | Reached skill level 8 in Necromancy
  4624 | D:12     | Reached skill level 8 in Translocations
  4624 | D:12     | Reached skill level 8 in Ice Magic
  4695 | D:12     | Reached **** piety under Cheibriados
  4814 | D:12     | Reached XP level 12. HP: 89/89 MP: 24/24
  4870 | D:12     | Quit the game

Vault maps used:
D:1:      dpeg_arrival_stone_temple_mockup
D:2:      old_standard_altar, vehumet_crystals, uniq_sigmund
D:3:      bloody_trog, lemuel_crystal_altar, gup_sewer_entry_bowl,
          serial_curves, eino_curves_04, eino_curves_04, uniq_grinder
D:4:      temple_fountains, first_bread, kennysheep_slug_shrine
D:5:      lemuel_coloured_pillars_altar, kennysheep_mini_moat,
          uniq_blork_the_orc, uniq_edmund
D:6:      dancing_weapons_uskayaw, kennysheep_little_box,
          fedhas_altar_decomposition
D:7:      serial_shops, shop, abandoned_shop
D:8:      kennysheep_steamy, lemuel_crystal_altar,
          ashenzari_conservatory_becter, lair_entry_dummy,
          hangedman_little_slice_of_home
D:9:      nicolae_overflow_hidden_temple, kennysheep_mini, water_boxes_lemuel
D:10:     orc_david_3, hangedman_decor_opposing, grunt_gozag_statues
D:11:     gammafunk_wand_slinger, serial_shops, shop
D:12:     minmay_the_grid_triangle_9x9_rhombus_thin_mashed,
          portal_ice_cave_entry_pillars_2, serial_shops,
          nicolae_shop_temple_entry_statues_fountains, kennysheep_boxes
D:13:     erik_vaults_1, basic_altar, minmay_holes
Sewer:    sewer_co_purgy_island

Skill      XL: |  1  2  3  4  5  6  7  8  9 10 11 |
---------------+----------------------------------+-----
Spellcasting   | 5 6 7 8 |  8.5
Fighting       | 1 2 3 4 5 6 |  6.7
Short Blades   | 1 2 3 4 5 6 |  6.7
Long Blades    | 1 2 3 4 5 6 |  6.7
Axes           | 1 2 3 4 5 6 |  6.7
Maces & Flails | 1 2 3 4 5 6 |  6.7
Polearms       | 1 2 3 4 5 6 |  6.7
Staves         | 1 2 3 4 5 6 |  6.7
Slings         | 1 2 3 4 5 6 |  6.7
Bows           | 1 2 3 4 5 6 |  6.7
Crossbows      | 1 2 3 4 5 6 |  6.7
Throwing       | 3 4 5 6 7 |  7.3
Armour         | 1 2 3 4 5 6 |  6.7
Dodging        | 1 2 3 4 5 6 |  6.7
Stealth        | 1 2 3 4 5 6 |  6.7
Shields        | 3 4 5 6 7 |  7.3
Unarmed Combat | 1 2 3 4 5 6 |  6.7
Conjurations   | 1 2 3 4 5 6 |  6.7
Hexes          | 1 2 3 4 5 6 |  6.7
Charms         | 1 2 3 4 5 6 |  6.7
Summonings     | 1 2 3 4 5 6 |  6.7
Transmutations | 1 2 3 4 5 6 |  6.7
Fire Magic     | 1 2 3 4 5 6 |  6.7
Air Magic      | 1 2 3 4 5 6 |  6.7
Earth Magic    | 1 2 3 4 5 6 |  6.7
Poison Magic   | 1 2 3 4 5 6 |  6.7
Invocations    | 1 2 3 4 5 6 |  6.7
Evocations     | 1 2 3 4 5 6 |  6.7
Necromancy     | 5 6 7 8 |  8.2
Translocations | 5 6 7 8 |  8.2
Ice Magic      | 5 6 7 8 |  8.2

Action                   |  1- 3 |  4- 6 |  7- 9 | 10-12 || total
-------------------------+-------+-------+-------+-------++-------
Melee: Dagger            |    25 |       |       |       ||    25
       Bite              |     1 |     6 |    37 |    53 ||    97
       Unarmed           |     3 |     1 |       |       ||     4
       Short sword       |       |    28 |   216 |       ||   244
       Trident           |       |    25 |       |       ||    25
       Punch             |       |     1 |     6 |     7 ||    14
       Flail             |       |       |    27 |       ||    27
       War axe           |       |       |     1 |   282 ||   283
 Cast: Apportation       |    10 |       |       |     3 ||    13
       Freeze            |    23 |    22 |    83 |    14 ||   142
       Throw Frost       |    11 |     8 |     6 |     6 ||    31
       Animate Skeleton  |     1 |       |     1 |     5 ||     7
       Ozocubu's Armour  |       |     6 |    19 |    24 ||    49
       Throw Icicle      |       |       |       |    13 ||    13
       Summon Small Mamm |       |       |       |     1 ||     1
 Abil: Evoke Flight      |       |       |       |     3 ||     3
Evoke: Wand              |       |       |       |    18 ||    18
  Use: Scroll            |     5 |       |    11 |    11 ||    27
       Potion            |     2 |       |     1 |     3 ||     6
 Stab: Sleeping          |     2 |     1 |     9 |     5 ||    17
       Distracted        |       |       |     1 |     1 ||     2
  Eat: Fruit             |       |     2 |       |       ||     2
       Chunk             |       |       |     4 |     5 ||     9
       Royal jelly       |       |       |     1 |     1 ||     2
Armor: Robe              |     9 |    20 |       |       ||    29
       Skin              |     1 |     1 |       |       ||     2
       Troll leather arm |       |    12 |   142 |   136 ||   290
Dodge: Dodged            |    23 |    52 |   207 |   311 ||   593
Block: Shield            |       |       |       |    85 ||    85

Table legend:
 A = Spawn XP
 B = Non-spawn XP
 C = Spawn XP percentage of total XP
 D = Spawn monster count
 E = Non-spawn monster count
 F = Spawn count percentage of total count
 G = Total turns spent on level
                    A         B        C        D         E        F      G
               +---------+---------+-------+---------+---------+-------+---------
         Total |       0 |   18792 |   0.0 |       0 |     239 |   0.0 |  4870
               +---------+---------+-------+---------+---------+-------+---------
           D:1 |       0 |      17 |   0.0 |       0 |      11 |   0.0 |   300
           D:2 |       0 |      39 |   0.0 |       0 |      16 |   0.0 |   346
           D:3 |       0 |     393 |   0.0 |       0 |      28 |   0.0 |   387
           D:4 |       0 |     198 |   0.0 |       0 |      13 |   0.0 |   304
           D:5 |       0 |     884 |   0.0 |       0 |      25 |   0.0 |   576
           D:6 |       0 |    1141 |   0.0 |       0 |      27 |   0.0 |   462
           D:7 |       0 |     498 |   0.0 |       0 |       9 |   0.0 |   390
           D:8 |       0 |    2847 |   0.0 |       0 |      23 |   0.0 |   517
           D:9 |       0 |    2101 |   0.0 |       0 |      15 |   0.0 |   463
          D:10 |       0 |     276 |   0.0 |       0 |       2 |   0.0 |   152
          D:11 |       0 |    3566 |   0.0 |       0 |      32 |   0.0 |   370
          D:12 |       0 |    6136 |   0.0 |       0 |      31 |   0.0 |   458
          D:13 |       0 |     550 |   0.0 |       0 |       1 |   0.0 |    45
         Sewer |       0 |     146 |   0.0 |       0 |       6 |   0.0 |   100
               +---------+---------+-------+---------+---------+-------+---------

Table legend:
 A = Turns spent in this place as a percentage of turns spent in the entire game.
 B = Non-inter-level travel turns spent in this place as a percentage of non-inter-level travel turns spent in the entire game.
 C = Inter-level travel turns spent in this place as a percentage of turns spent in this place.
 D = Turns resting spent in this place as a percentage of non-inter-level travel turns spent in this place.
 E = Turns spent auto-exploring this place as a percentage of non-inter-level travel turns spent in this place.
 F = Non-inter-level travel turns spent in this place divided by the number of levels of this place that you've seen.
                   A       B       C       D       E      F
               +-------+-------+-------+-------+-------+----------------------
         Total | 100.0 | 100.0 |   0.3 |   0.2 |   0.0 | 346.9
       Dungeon |  97.9 |  97.9 |   0.3 |   0.2 |   0.0 | 365.8
         Sewer |   2.1 |   2.1 |   0.0 |   0.0 |   0.0 | 100.0
               +-------+-------+-------+-------+-------+----------------------

Table legend:
 A = Kills in this place as a percentage of kills in entire the game.
 B = Kills by you in this place as a percentage of kills by you in the entire game.
 C = Kills by friends in this place as a percentage of kills by friends in the entire game.
 D = Other kills in this place as a percentage of other kills in the entire game.
 E = Experience gained in this place as a percentage of experience gained in the entire game.
 F = Experience gained in this place divided by the number of levels of this place that you have seen.
                   A       B       C       D       E      F
               +-------+-------+-------+-------+-------+----------------------
         Total | 100.0 | 100.0 | 100.0 |   N/A | 100.0 | 1342.3
       Dungeon |  97.5 |  97.4 | 100.0 |   N/A |  99.2 | 1434.3
         Sewer |   2.5 |   2.6 |   0.0 |   N/A |   0.8 | 146.0
               +-------+-------+-------+-------+-------+----------------------

Vault maps used:
D:1:      dpeg_arrival_stone_temple_mockup
D:2:      old_standard_altar, vehumet_crystals, uniq_sigmund
D:3:      bloody_trog, lemuel_crystal_altar, gup_sewer_entry_bowl,
          serial_curves, eino_curves_04, eino_curves_04, uniq_grinder
D:4:      temple_fountains, first_bread, kennysheep_slug_shrine
D:5:      lemuel_coloured_pillars_altar, kennysheep_mini_moat,
          uniq_blork_the_orc, uniq_edmund
D:6:      dancing_weapons_uskayaw, kennysheep_little_box,
          fedhas_altar_decomposition
D:7:      serial_shops, shop, abandoned_shop
D:8:      kennysheep_steamy, lemuel_crystal_altar,
          ashenzari_conservatory_becter, lair_entry_dummy,
          hangedman_little_slice_of_home
D:9:      nicolae_overflow_hidden_temple, kennysheep_mini, water_boxes_lemuel
D:10:     orc_david_3, hangedman_decor_opposing, grunt_gozag_statues
D:11:     gammafunk_wand_slinger, serial_shops, shop
D:12:     minmay_the_grid_triangle_9x9_rhombus_thin_mashed,
          portal_ice_cave_entry_pillars_2, serial_shops,
          nicolae_shop_temple_entry_statues_fountains, kennysheep_boxes
D:13:     erik_vaults_1, basic_altar, minmay_holes
Sewer:    sewer_co_purgy_island
